 Dungeon Crawl Stone Soup version 0.22-a0-619-ga0c6fd2 (webtiles) character file.

1108 Gildeon the Cudgeler (level 8, 0/80 HPs)
             Began as an Ogre Fighter on July 14, 2018.
             Was a Believer of Cheibriados.
             Slain by Duvessa
             ... wielding a +0 rapier
              (13 damage)
             ... on level 6 of the Dungeon.
             The game lasted 00:16:18 (6057 turns).

Gildeon the Cudgeler (Ogre Fighter)                 Turns: 6057, Time: 00:16:19

Health: 0/80       AC:  5    Str: 32    XL:     8   Next: 33%
Magic:  8/8        EV: 17    Int: 14    God:    Cheibriados [**....]
Gold:   216        SH:  0    Dex: 14    Spells: 7/7 levels left

rFire    . . .     SeeInvis .   n - +0 giant club
rCold    . . .     Gourm    .   (shield currently unavailable)
rNeg     . . .     Faith    .   b - +1 robe
rPois    +         Spirit   .   (helmet restricted)
rElec    .         Reflect  .   t - +0 cloak
rCorr    .         Harm     .   (gloves unavailable)
MR       .....                  (boots unavailable)
Stlth    +.........             (no amulet)
HPRegen  0.23/turn              o - +5 ring of evasion
MPRegen  0.11/turn              m - ring of poison resistance

@: mighty, very slow
A: large, unfitting armour, tough skin 1
a: Bend Time, Renounce Religion


You were on level 6 of the Dungeon.
You worshipped Cheibriados.
Cheibriados was pleased with you.
You were not hungry.

You visited 2 branches of the dungeon, and saw 7 of its levels.

You collected 216 gold pieces.

Inventory:

Hand Weapons
 n - a +0 giant club (weapon)
Armour
 b - a +1 robe (worn)
 t - a +0 cloak (worn)
Jewellery
 e - an uncursed ring of wizardry
 g - an uncursed ring of positive energy
 m - a ring of poison resistance (right hand)
 o - a +5 ring of evasion (left hand)
Wands
 i - a wand of paralysis (5)
 l - a wand of iceblast (2)
 s - a wand of flame (16)
Scrolls
 a - 2 scrolls of identify
 p - a scroll of amnesia
 q - a scroll of teleportation
 u - 3 scrolls of remove curse
Potions
 c - 4 potions of curing
 d - 2 potions of ambrosia
 h - a potion of berserk rage
 j - a potion of cancellation
 k - a potion of might
 r - a potion of brilliance
Comestibles
 f - 7 rations


   Skills:
 - Level 5.0 Fighting
 * Level 6.4 Maces & Flails
 + Level 3.0 Armour
 - Level 5.1 Dodging
   Level 2.6 Shields
 + Level 0.4 Invocations


You had 7 spell levels left.
You didn't know any spells.
Your spell library contained the following spells:

 Spells                   Type           Power        Failure   Level  Hunger
 Pain                     Necr           #...         28%         1    ##.....


Dungeon Overview and Level Annotations

Branches:
Dungeon (6/15)             Temple (1/1) D:4

Altars:
Cheibriados
Dithmenos
Elyvilon
Fedhas
Gozag
Hepliaklqana
Kikubaaqudgha
Makhleb
Nemelex Xobeh
Okawaru
Qazlal
Ru
Sif Muna
Trog
Uskayaw
Vehumet
Xom
Yredelemnul
Zin
The Shining One

Annotations:
D:6 Duvessa


Innate Abilities, Weirdness & Mutations

You are too large for most types of armour.
You have tough skin. (AC +1)


Message History

A wight comes into view. It is wielding a dagger.
You barely miss Duvessa. Duvessa hits you with a rapier!
* * * LOW HITPOINT WARNING * * *
The howler monkey zombie closely misses you.
Duvessa completely misses you.
You barely miss Duvessa. Duvessa closely misses you.
The howler monkey zombie barely misses you.
Duvessa barely misses you.
You closely miss Duvessa.
The howler monkey zombie hits you but does no damage.
Duvessa completely misses you.
The howler monkey zombie barely misses you.
You closely miss Duvessa. Duvessa closely misses you.
Duvessa hits you with a rapier!
* * * LOW HITPOINT WARNING * * *
The howler monkey zombie misses you.
You sock Duvessa!
Duvessa is lightly wounded.
Duvessa hits you with a rapier!
You die...

# .###### .# #
......$#####.# .#
.......)...#.#...
...._.ze@......#
.......Z#....#..
.#....†##..###
..#.#$# #.<# ##..
#..# #.# #..# ##
#.# #..####....
#. #.......... .
#...#######


You could see Duvessa (berserk), a wight and a howler monkey zombie.

Vanquished Creatures
  Eustachio (D:5)
  Menkaure (D:5)
  A sky beast (D:5)
  An ogre (D:4)
  Dowan (D:6)
  A centaur skeleton (D:5)
  A jelly (D:5)
  2 orc wizards
  4 orc priests
  A bullfrog skeleton (D:4)
  Jessica (D:3)
  Ijyb (D:3)
  4 worker ants (D:4)
  9 adders
  A shadow imp (D:5)
  An ooze (D:2)
  4 worms
  2 dart slugs (D:1)
  4 leopard geckos
  19 orcs
  3 giant cockroaches
  7 goblins
  5 hobgoblins
  12 jackals
  2 quokkas
  2 ball pythons
  7 bats
  5 frilled lizards
  A giant cockroach zombie (D:5)
  A jackal skeleton (D:4)
  2 kobolds
  8 rats
115 creatures vanquished.

Vanquished Creatures (others)
  A ball python (D:5)
1 creature vanquished.

Grand Total: 116 creatures vanquished

Notes
Turn   | Place    | Note
-------+----------+-------------------------------------------
     0 | D:1      | Gildeon the Ogre Fighter began the quest for the Orb.
     0 | D:1      | Reached XP level 1. HP: 24/24 MP: 1/1
    64 | D:1      | Reached skill level 2 in Maces & Flails
   200 | D:1      | Reached XP level 2. HP: 21/32 MP: 2/2
  1007 | D:1      | Reached XP level 3. HP: 31/40 MP: 3/3
  1721 | D:2      | Found a deep blue altar of Sif Muna.
  1721 | D:2      | Found an ancient bone altar of Kikubaaqudgha.
  1723 | D:2      | Found a radiant altar of Vehumet.
  1725 | D:2      | Identified Kikubaaqudgha's Reference Book on Darkness
  1926 | D:2      | Found a sacrificial altar of Ru.
  2056 | D:2      | Reached skill level 3 in Maces & Flails
  2137 | D:2      | Reached XP level 4. HP: 44/49 MP: 4/4
  2673 | D:3      | Noticed Ijyb
  2682 | D:3      | Killed Ijyb
  2837 | D:3      | Reached XP level 5. HP: 25/55 MP: 5/5
  3022 | D:3      | Found a snail-covered altar of Cheibriados.
  3023 | D:3      | Found a basalt altar of Yredelemnul.
  3023 | D:3      | Found a hide-covered altar of Uskayaw.
  3025 | D:3      | Found a bloodstained altar of Trog.
  3026 | D:3      | Noticed Jessica
  3044 | D:3      | Killed Jessica
  3044 | D:3      | Reached skill level 5 in Fighting
  3059 | D:3      | Became a worshipper of Cheibriados the Contemplative
  3727 | D:4      | Noticed an ogre
  3732 | D:4      | Killed an ogre
  3732 | D:4      | Reached skill level 4 in Maces & Flails
  3732 | D:4      | Reached skill level 1 in Armour
  3732 | D:4      | Reached XP level 6. HP: 66/66 MP: 6/6
  3756 | D:4      | Found a staircase to the Ecumenical Temple.
  3789 | D:4      | Reached * piety under Cheibriados
  3817 | Temple   | Entered the Ecumenical Temple
  4240 | D:4      | Reached XP level 7. HP: 61/72 MP: 7/7
  4303 | D:4      | Reached skill level 5 in Maces & Flails
  4491 | D:5      | Entered Level 5 of the Dungeon
  4529 | D:5      | HP: 1/72 [orc wizard/magic dart (6)]
  5021 | D:5      | Reached ** piety under Cheibriados
  5517 | D:5      | Noticed Menkaure
  5526 | D:5      | Killed Menkaure
  5526 | D:5      | Reached skill level 6 in Maces & Flails
  5526 | D:5      | Reached XP level 8. HP: 23/80 MP: 8/8
  5800 | D:5      | Noticed Eustachio
  5832 | D:5      | Killed Eustachio
  5832 | D:5      | Reached skill level 5 in Dodging
  6034 | D:6      | Found a deep blue altar of Sif Muna.
  6036 | D:6      | Noticed Dowan
  6037 | D:6      | Noticed Duvessa
  6050 | D:6      | Killed Dowan
  6057 | D:6      | Slain by Duvessa

Vault maps used:
D:1:      zelgadis_glass_arrival_small
D:2:      grunt_temple_overflow_magic_moments, lemuel_doored_altar
D:3:      chequers_temple_overflow_statue_of_worship, first_ration,
          moated_statue, uniq_jessica, uniq_ijyb
D:4:      minmay_temple_entry_steel_oval
D:5:      uniq_eustachio, uniq_menkaure
D:6:      basic_altar, uniq_duvessa, uniq_blork_the_orc
Temple:   chequers_temple_sunken

Skill      XL: |  1  2  3  4  5  6  7  8 |
---------------+-------------------------+-----
Maces & Flails | 2 3 4 6 |  6.4
Dodging        | 3 4 5 |  5.1
Fighting       | 5 |  5.0
Armour         | 1 2 3 |  3.0
Shields        | |  2.6
Invocations    | |  0.4

Action                   |  1- 3 |  4- 6 |  7- 9 || total
-------------------------+-------+-------+-------++-------
Melee: Flail             |   128 |    91 |       ||   219
       Giant club        |       |    53 |   163 ||   216
  Use: Scroll            |     5 |     4 |     3 ||    12
       Potion            |       |     1 |     2 ||     3
 Stab: Sleeping          |     1 |       |     2 ||     3
  Eat: Chunk             |     2 |     2 |     1 ||     5
       Ration            |     1 |     1 |     1 ||     3
Armor: Robe              |    64 |    66 |    43 ||   173
Dodge: Dodged            |    99 |   184 |   233 ||   516

Table legend:
 A = Spawn XP
 B = Non-spawn XP
 C = Spawn XP percentage of total XP
 D = Spawn monster count
 E = Non-spawn monster count
 F = Spawn count percentage of total count
 G = Total turns spent on level
                    A         B        C        D         E        F      G
               +---------+---------+-------+---------+---------+-------+---------
         Total |       0 |    1584 |   0.0 |       0 |     115 |   0.0 |  6057
               +---------+---------+-------+---------+---------+-------+---------
           D:1 |       0 |      38 |   0.0 |       0 |      23 |   0.0 |  1229
           D:2 |       0 |      65 |   0.0 |       0 |      15 |   0.0 |  1440
           D:3 |       0 |     116 |   0.0 |       0 |      16 |   0.0 |   980
           D:4 |       0 |     467 |   0.0 |       0 |      30 |   0.0 |   661
           D:5 |       0 |     829 |   0.0 |       0 |      29 |   0.0 |  1526
           D:6 |       0 |      69 |   0.0 |       0 |       2 |   0.0 |    40
               +---------+---------+-------+---------+---------+-------+---------
